 Dungeon Crawl Stone Soup version 0.15.2 (webtiles) character file.

277 Aelig the Ducker (level 6, -2/49 HPs)
             Began as a Merfolk Abyssal Knight on Jan 26, 2015.
             Was a Priest of Lugonu.
             Slain by an ogre
             ... wielding a +0 giant club
              (31 damage)
             ... on Level 4 of the Dungeon.
             The game lasted 00:11:02 (3443 turns).

Aelig the Ducker (Merfolk Abyssal Knight)           Turns: 3443, Time: 00:11:02

HP  -2/49        AC  6     Str 12      XL: 6   Next: 26%
MP   8/8         EV 13     Int 13      God: Lugonu [***...]
Gold 175         SH  0     Dex 14      Spells:  0 memorised,  5 levels left

rFire  . . .     SeeInvis .     a - +1 spear
rCold  . . .     Clarity  .     b - +0 leather armour
rNeg   . . .     rCorr    .     (no shield)
rPois  .         rRot     .     (no helmet)
rElec  .         Spirit   .     (no cloak)
SustAb +         Warding  .     (no gloves)
rMut   .         Stasis   .     p - +2 pair of boots
Gourm  .                        (no amulet)
MR     .....                    u - ring of sustain abilities
                                x - ring of teleport control

@: not resistant to hostile enchantments, very unstealthy
A: change form in water, swift swim
a: Depart the Abyss, Bend Space, Banish, Renounce Religion, Evoke Teleport
Control


You were on level 4 of the Dungeon.
You worshipped Lugonu.
Lugonu was most pleased with you.
You were hungry.

You visited 1 branch of the dungeon, and saw 5 of its levels.
You visited the Abyss 1 time.

You collected 175 gold pieces.

Inventory:

Hand weapons
 a - a +1 spear (weapon)
Armour
 b - a +0 leather armour (worn)
 p - a +2 pair of boots (worn)
Comestibles
 c - 5 bread rations
 j - 2 meat rations
 o - a beef jerky
 v - a slice of pizza
 A - 3 fruits
Scrolls
 d - 2 scrolls of amnesia
 e - 2 scrolls of teleportation
 g - 2 scrolls of noise {unknown}
 i - a scroll of fog {unknown}
 k - a scroll of blinking {unknown}
 l - a scroll of immolation {unknown}
 n - 2 scrolls of fear {unknown}
 q - a scroll of enchant weapon {unknown}
 s - 2 scrolls of random uselessness {unknown}
Jewellery
 m - an uncursed ring of protection from cold
 u - a ring of sustain abilities (right hand)
 x - a ring of teleport control (left hand)
 y - an uncursed ring of positive energy {unknown}
Potions
 f - 2 potions of might {unknown}
 h - 4 potions of curing
 t - 2 potions of restore abilities
 w - 4 potions of lignification {unknown}
 C - a potion of agility {unknown}
Magical staves
 r - an uncursed staff of conjuration {unknown}


   Skills:
 - Level 4.7 Fighting
 + Level 4.8 Polearms
 - Level 1.9 Armour
 - Level 4.9 Dodging
 - Level 2.7 Invocations


You had 5 spell levels left.
You didn't know any spells.

Dungeon Overview and Level Annotations

Branches:
Dungeon (5/15)
 Temple: D:4-7

Altars:
Cheibriados
Kikubaaqudgha
Sif Muna
Yredelemnul
Zin


Message History

Press: ? - help, Dir - move target cursor, f/p - ogre
Aim: an ogre, wielding a giant club (severely wounded)
You reach to attack!
You barely miss the ogre.
The ogre is severely wounded.
Attack whom?
Press: ? - help, Dir - move target cursor, f/p - ogre
Aim: an ogre, wielding a giant club (severely wounded)
You reach to attack!
You hit the ogre.
The ogre is severely wounded.
You are feeling hungry.
You hit the ogre.
The ogre is heavily wounded.
The ogre barely misses you.
You hit the ogre.
The ogre is severely wounded.
You hit the ogre but do no damage.
The ogre is severely wounded.
The ogre hits you with a giant club!!
Ouch! That really hurt!
You die...

..#..## ##....# #.....#..#
.....# ##.....# ##.....###
....[# ##..(..## #....##
....####....[.# #....#
....##........# ##....##
##............# ##......#
##...........# ##.......##
##..........###.........##
##..........O@.......>..###
#..#######........###....#
#...# ###............##
#....# ##........##.##
#..#... ##...#######.#
#..###.. #....# ### ..#
##.# #....# # .. #....# #.
#....## ##


You could see an ogre.

Vanquished Creatures
  An ogre (D:5)
  2 hounds
  2 adders
  2 worms (D:3)
  4 giant geckos
  2 oozes
  3 orcs (D:3)
  9 bats
  3 giant cockroaches
  9 goblins
  9 hobgoblins
  4 jackals
  A quokka (D:3)
  A ball python (D:4)
  A giant newt (D:2)
  9 kobolds
  An orc skeleton (D:4)
  15 rats
78 creatures vanquished.

Notes
Turn   | Place    | Note
--------------------------------------------------------------
     0 | Abyss:1  | Aelig, the Merfolk Abyssal Knight, began the quest for the Orb.
     0 | Abyss:1  | Reached XP level 1. HP: 18/18 MP: 1/1
    34 | Abyss:1  | Noticed a large abomination
    37 | Abyss:1  | Noticed a crimson imp
    37 | D:1      | Escaped the Abyss
   176 | D:1      | Acquired Lugonu's first power
   178 | D:1      | Reached XP level 2. HP: 16/24 MP: 2/2
   787 | D:2      | Reached skill level 4 in Fighting
   787 | D:2      | Reached XP level 3. HP: 27/30 MP: 4/4
  1067 | D:2      | Acquired Lugonu's second power
  1332 | D:2      | Found a deep blue altar of Sif Muna.
  1336 | D:2      | Found a basalt altar of Yredelemnul.
  1364 | D:2      | Found a snail-covered altar of Cheibriados.
  1378 | D:2      | Reached XP level 4. HP: 27/37 MP: 5/5
  1696 | D:2      | Found an ancient bone altar of Kikubaaqudgha.
  1697 | D:2      | Found a glowing silver altar of Zin.
  1938 | D:3      | Reached skill level 1 in Armour
  2454 | D:4      | Reached XP level 5. HP: 35/43 MP: 7/7
  2485 | D:5      | Entered Level 5 of the Dungeon
  2544 | D:5      | Noticed an ogre
  2584 | D:5      | Killed an ogre
  2584 | D:5      | Reached XP level 6. HP: 33/49 MP: 8/8
  2684 | D:3      | Acquired Lugonu's third power
  2709 | D:4      | Noticed a phantom
  3275 | D:4      | Noticed an ogre
  3443 | D:4      | Slain by an ogre

Action                   |  1- 3 |  4- 6 || total
-------------------------+-------+-------++-------
Melee: Spear             |   145 |   222 ||   367
Invok: Depart the Abyss  |     1 |       ||     1
  Use: Scroll            |       |     4 ||     4
 Stab: Sleeping          |       |     1 ||     1
  Eat: Chunk             |     2 |     6 ||     8
